 Dungeon Crawl Stone Soup version 0.19.4-10-g532645f (webtiles) character file.

74 empire the Slasher (level 4, -2/36 HPs)
             Began as a Draconian Warper on Feb 25, 2017.
             Slain by an adder (3 damage)
             ... on level 3 of the Dungeon.
             The game lasted 00:03:51 (2753 turns).

empire the Slasher (Draconian Warper)               Turns: 2753, Time: 00:03:52

Health: -2/36      AC:  6    Str: 13    XL:     4   Next: 10%
Magic:  7/7        EV: 12    Int: 14    God:
Gold:   136        SH:  0    Dex: 11    Spells: 2 memorised, 3 levels left

rFire  . . .     SeeInvis .     a - +0 falchion
rCold  . . .     Gourm    .     (armour unavailable)
rNeg   . . .     Faith    .     (no shield)
rPois  .         Spirit   .     (helmet restricted)
rElec  .         Reflect  .     (no cloak)
rCorr  .         Harm     .     (no gloves)
MR     .....                    i - +0 pair of boots
Stlth  +.........               (no amulet)
                                (no ring)
                                (no ring)

@: lethally poisoned (-2 -> -11)
A: unfitting armour, cold-blooded, AC +5
a: no special abilities


You were on level 3 of the Dungeon.
You were hungry.

You visited 1 branch of the dungeon, and saw 3 of its levels.

You collected 136 gold pieces.

Inventory:

Hand Weapons
 a - a +0 falchion (weapon)
Missiles
 d - 5 tomahawks of dispersal (quivered)
Armour
 i - a +0 pair of boots (worn)
Scrolls
 c - a scroll of blinking
 e - 4 scrolls of identify {unknown}
 g - 2 scrolls of teleportation {unknown}
 j - a scroll of noise {unknown}
 m - a scroll of enchant armour {unknown}
 n - a scroll of random uselessness {unknown}
 o - a scroll of immolation {unknown}
 r - a scroll of fear {unknown}
 t - a scroll of enchant weapon {unknown}
Potions
 h - a potion of flight {unknown}
 k - a potion of agility {unknown}
 p - 2 potions of curing {unknown}
 s - a potion of might {unknown}
 v - a potion of ambrosia {unknown}
Books
 b - a book of Spatial Translocations

   Spells                             Type                      Level
   a - Blink                          Translocation                2
   b - Shroud of Golubria             Charms/Translocation         2
   c - Lesser Beckoning               Translocation                3
   d - Portal Projectile              Translocation                3
   e - Teleport Other                 Translocation                3
   f - Passage of Golubria            Translocation                4
Comestibles
 f - 2 bread rations
 l - a beef jerky
 q - a meat ration
 w - a slice of pizza


   Skills:
 - Level 2.1 Fighting
 + Level 4.4 Long Blades
 - Level 0.8 Throwing
 - Level 2.1 Dodging
 - Level 2.0 Spellcasting
 - Level 3.0 Translocations


You had 3 spell levels left.
You knew the following spells:

 Your Spells              Type           Power        Failure   Level  Hunger
a - Blink                 Tloc           N/A          12%         2    ###....
b - Shroud of Golubria    Chrm/Tloc      #.........   21%         2    ###....


Dungeon Overview and Level Annotations

Branches:
Dungeon (3/15)

Altars:


Innate Abilities, Weirdness & Mutations

Your plain brown scales are hard. (AC +5)
You cannot fit into any form of body armour.
You are cold-blooded and may be slowed by cold attacks.


Message History

You are more poisoned.
The adder poisons you! The rat bites you but does no damage.
The adder misses you.
You closely miss the adder.
The adder is lightly wounded.
You feel sick. The bat hits you but does no damage. The rat bites you.
* * * LOW HITPOINT WARNING * * *
The adder barely misses you.
You closely miss the rat.
* * * LOW HITPOINT WARNING * * *
You feel sick. The adder bites you.
* * * LOW HITPOINT WARNING * * *
The rat barely misses you. The bat barely misses you. The adder bites you.
* * * LOW HITPOINT WARNING * * *
You barely miss the bat.
* * * LOW HITPOINT WARNING * * *
You feel sick. The bat closely misses you. The rat bites you.
* * * LOW HITPOINT WARNING * * *
The adder bites you.
You die...

####.....# ..
#......... ...
#?........ ##..#
#.........
....###.......
##....>.....
##......Sr.#
#........@.#
#.........b#
#......<.<.#
#.............#
#..........#....
##.......<.#....
#...........#..
#...............
............#..


You could see an adder, a bat and a rat.

Vanquished Creatures
  An adder (D:2)
  An ooze (D:2)
  A worm (D:2)
  5 dart slugs
  A leopard gecko (D:1)
  6 goblins (D:1)
  10 hobgoblins
  6 kobolds
  2 quokkas (D:2)
  7 bats
  4 frilled lizards
  5 rats
49 creatures vanquished.

Vanquished Creatures (others)
  A dart slug (D:1)
1 creature vanquished.

Grand Total: 50 creatures vanquished

Notes
Turn   | Place    | Note
-------+----------+-------------------------------------------
     0 | D:1      | empire the Draconian Warper began the quest for the Orb.
     0 | D:1      | Reached XP level 1. HP: 17/17 MP: 3/3
   137 | D:1      | Reached XP level 2. HP: 14/24 MP: 5/5
   265 | D:1      | Learned a level 2 spell: Blink
   268 | D:1      | Learned a level 2 spell: Shroud of Golubria
   404 | D:1      | Reached skill level 3 in Long Blades
  1234 | D:1      | Reached XP level 3. HP: 29/29 MP: 6/6
  1958 | D:2      | Reached skill level 4 in Long Blades
  2293 | D:2      | Reached XP level 4. HP: 20/36 MP: 7/7
  2753 | D:3      | HP: 1/36 [rat (1)]
  2753 | D:3      | Slain by an adder

Skill      XL: |  1  2  3 |
---------------+----------+-----
Long Blades    | 3 4 |  4.4
Fighting       | |  2.1
Throwing       | |  0.8
Dodging        | |  2.1
Spellcasting   | |  2.0
Translocations | |  3.0

Action                   |  1- 3 |  4- 6 || total
-------------------------+-------+-------++-------
Melee: Falchion          |   132 |    31 ||   163
       Tailslap          |    15 |     2 ||    17
 Stab: Sleeping          |     1 |       ||     1
  Eat: Chunk             |     3 |     2 ||     5
Armor: Skin              |    66 |    17 ||    83
Dodge: Dodged            |    90 |    39 ||   129
       Rpst.: Falchion   |    34 |     9 ||    43
